 Dungeon Crawl Stone Soup version 0.31.0-32-g396128a36d (webtiles) character file.

Game seed: 5123665864330005917

182 H0rd4k the Insei (level 5, 0/35 HPs)
             Began as an Octopode Artificer on Apr 23, 2024.
             Slain by a river rat (4 damage)
             ... on level 3 of the Dungeon.
             The game lasted 00:02:44 (1970 turns).

H0rd4k the Insei (Octopode Artificer)               Turns: 1970, Time: 00:02:44

Health: 0/35       AC:  1    Str: 11    XL:     5   Next: 62%
Magic:  5/5        EV: 13    Int: 15    God:
Gold:   106        SH:  0    Dex: 13    Spells: 4/4 levels left

rFire   . .          .
                       - Unarmed
rCold   . . .        (no shield)
rNeg    . . .        (helmet restricted)
rPois   .            (no amulet)
rElec   .            (no ring)
rCorr   .            (no ring)
SInv    .            (no ring)
Will    .....        (no ring)
Stlth   ++++         (no ring)
HPRegen 0.25/turn    (no ring)
MPRegen 0.09/turn    (no ring)
                     (no ring)

%: no passive effects
@: lethally poisoned (0 -> -3), studying Fighting
A: almost no armour, amphibious, 8 rings, camouflage 1, gelatinous body 1,
nimble swimmer 1, tentacles
a: no special abilities


You were on level 3 of the Dungeon.
You visited 1 branch of the dungeon, and saw 3 of its levels.

You collected 106 gold pieces.

Inventory:

Missiles
 k - 2 curare-tipped darts
Wands
 b - a wand of flame (10) (quivered)
 c - a wand of charming (18)
 d - a wand of iceblast (4)
Scrolls
 e - a scroll of teleportation {unknown}
 f - a scroll of vulnerability {unknown}
 g - a scroll of poison {unknown}
 h - a scroll of identify {unknown}
 i - 2 scrolls of enchant armour {unknown}
Potions
 a - a potion of ambrosia {unknown}
 j - a potion of mutation {unknown}
 l - a potion of brilliance {unknown}
 m - 2 potions of curing {unknown}
 n - a potion of degeneration {unknown}


   Skills:
 + Level 2.6 Fighting
 - Level 2.3 Dodging
 - Level 1.3 Stealth
 + Level 4.7 Unarmed Combat
 - Level 3.2 Evocations


You had 4 spell levels left.
You didn't know any spells.
Your spell library was empty.

Dungeon Overview and Level Annotations

Branches:
Dungeon (3/15)

Altars:

Shops:
D:3 =


Innate Abilities, Weirdness & Mutations

You cannot wear most types of armour.
You are amphibious.
You can wear up to eight rings at the same time.
Your skin changes colour to match your surroundings (Stealth+).
Your rubbery body absorbs attacks. (AC +1, EV +1)
You are camouflaged when in or above water. (Stealth+)
You have tentacles for arms and can constrict up to eight enemies at once.


Message History

You miss the adder. Your grab misses the adder. Your squeeze misses the adder.
You feel sick. The adder bites you.
You are more poisoned.
The adder poisons you!
You tentacle-slap the adder. Your grab misses the adder.
The adder is lightly wounded.
You feel sick. The adder completely misses you.
You tentacle-slap the adder. Your grab misses the adder.
Your squeeze misses the adder.
The adder is severely wounded.
You feel sick. The adder bites you but does no damage.
You closely miss the adder. Your grab misses the adder.
Your squeeze misses the adder.
The adder is severely wounded.
You feel sick. The adder closely misses you.
The adder bites you but does no damage.
You barely miss the adder. Your grab misses the adder.
The adder is severely wounded.
The adder bites you.
You are more poisoned.
The adder poisons you!
You closely miss the adder. You grab the adder. Your squeeze misses the adder.
The adder is severely wounded.
You constrict the adder.
You feel sick. The adder bites you.
You are more poisoned.
The adder poisons you!
A river rat comes into view.
You tentacle-slap the adder.
You kill the adder!
You feel sick.
You enter the shallow water.
You feel sick. The river rat closely misses you.
You barely miss the river rat. You grab the river rat.
You constrict the river rat.
You feel sick. The river rat bites you!
* * * LOW HITPOINT WARNING * * *
You tentacle-slap the river rat. You squeeze the river rat.
The river rat is moderately wounded.
You constrict the river rat, but do no damage.
* * * LOW HITPOINT WARNING * * *
You feel sick. The river rat bites you.
You die...

#. #.##.#
##'## #
#.###.##.#
#.# #
#........#
#.# #
#####.####
##.## #.#
#...# ###.#
## ###.##
#...##~
##~#
#...#r# #~#
#...#@# #~#
#...#.# #~#
#...#~# #.#
#####~# #.#
#~# #.#
#~#######~#
##~~†~~~~##
#########


You could see a river rat.

Vanquished Creatures
  An ice beast (D:3)
  Ijyb (D:3)
  An adder (D:3)
  A dart slug (D:1)
  3 ribbon worms
  An orc (D:3)
  3 bats
  7 endoplasms
  2 giant cockroaches
  A goblin (D:1)
  4 hobgoblins
  4 quokkas
  8 ball pythons
  2 frilled lizards
  5 kobolds
  6 rats
50 creatures vanquished.

Notes
Turn   | Place    | Note
-------+----------+-------------------------------------------
     0 | D:1      | H0rd4k the Octopode Artificer began the quest for the Orb.
     0 | D:1      | Reached XP level 1. HP: 13/13 MP: 1/1
    74 | D:1      | Reached skill level 1 in Unarmed Combat
    86 | D:1      | Reached XP level 2. HP: 18/18 MP: 2/2
   256 | D:1      | Found a faded altar of an unknown god.
   387 | D:1      | Reached skill level 2 in Unarmed Combat
   583 | D:1      | Reached XP level 3. HP: 23/23 MP: 3/3
  1036 | D:2      | Found the +18 Lear's hauberk
  1502 | D:3      | Found Tuwkucka's Jewellery Shop.
  1578 | D:3      | Noticed an ice beast
  1588 | D:3      | Killed an ice beast
  1589 | D:3      | Reached skill level 4 in Unarmed Combat
  1589 | D:3      | Reached XP level 4. HP: 30/30 MP: 4/4
  1589 | D:3      | Reached XP level 5. HP: 35/35 MP: 5/5
  1635 | D:3      | Noticed Ijyb
  1647 | D:3      | Killed Ijyb
  1970 | D:3      | Slain by a river rat

Illustrated notes

Levels and vault maps discovered:
D:1:      minmay_arrival_wavy_path, layout_basic,
          shapermc_ecumenical_altar_venn, hangedman_decor_points
D:2:      layout_loops_ring, hangedman_decor_slide_cut,
          minmay_misc_feat_more_columns, nicolae_grassy_gnolls, uniq_natasha
D:3:      layout_loops_corners, gup_sewer_entry_spiral, serial_shops,
          nicolae_square_shop, uniq_ijyb

Skill      XL: |  1  2  3 |
---------------+----------+-----
Unarmed Combat | 1 2 4 |  4.7
Fighting       | 2 |  2.6
Dodging        | |  2.3
Stealth        | |  1.3
Evocations     | |  3.2

Action                     |  1- 3 |  4- 6 || total
---------------------------+-------+-------++-------
  Melee: Unarmed           |    70 |    38 ||   108
         Constrict         |    18 |    11 ||    29
         Tentacles         |    14 |     6 ||    20
         Punch             |     2 |     2 ||     4
  Evoke: Wand              |     4 |     2 ||     6
   Stab: Sleeping          |    10 |       ||    10
 Armour: Skin              |    25 |    17 ||    42
  Dodge: Dodged            |    29 |    19 ||    48
